 Dungeon Crawl Stone Soup version 0.23-a0-619-g281719c (webtiles) character file.

28 hairmachine the Ruffian (level 2, 0/23 HPs)
             Began as a Draconian Transmuter on Dec 22, 2018.
             Slain by Jessica
             ... wielding a +0 dagger
              (2 damage)
             ... on level 2 of the Dungeon.
             The game lasted 00:05:48 (1728 turns).

hairmachine the Ruffian (Draconian Transmuter)      Turns: 1728, Time: 00:05:49

Health: 0/23       AC:  4    Str: 12    XL:     2   Next: 96%
Magic:  2/5        EV: 12    Int: 13    God:
Gold:   80         SH:  0    Dex: 11    Spells: 2/5 levels left

rFire    . . .     SeeInvis .     - Unarmed
rCold    . . .     Gourm    .   (no shield)
rNeg     . . .     Faith    .   (armour unavailable)
rPois    .         Spirit   .   (helmet restricted)
rElec    .         Reflect  .   (no cloak)
rCorr    .         Harm     .   (no gloves)
MR       .....                  (no boots)
Stlth    +.........             (no amulet)
HPRegen  0.07/turn              (no ring)
MPRegen  0.09/turn              (no ring)

@: no status effects
A: unfitting armour, cold-blooded, AC +4
a: no special abilities


You were on level 2 of the Dungeon.
You were not hungry.

You visited 1 branch of the dungeon, and saw 2 of its levels.

You collected 80 gold pieces.

Inventory:

Missiles
 a - 10 arrows
 e - 47 stones (quivered)
 k - a throwing net
Scrolls
 b - a scroll of enchant weapon {unknown}
 d - a scroll of teleportation {unknown}
 j - a scroll of identify {unknown}
Potions
 f - a potion of mutation {unknown}
 g - a potion of flight {unknown}
 h - a potion of might {unknown}
Comestibles
 c - 3 rations


   Skills:
 - Level 1.1 Fighting
 - Level 1.7 Dodging
 * Level 3.9 Unarmed Combat
 - Level 2.0 Spellcasting
 + Level 2.4 Transmutations


You had 2 spell levels left.
You knew the following spells:

 Your Spells              Type           Power        Failure   Level  Hunger
a - Beastly Appendage     Tmut           #.....       10%         1    ##.....
b - Sticks to Snakes      Tmut           #.......     14%         2    ###....

Your spell library contained the following spells:

 Spells                   Type           Power        Failure   Level  Hunger
 Spider Form              Tmut/Pois      #.........   43%         3    ####...
 Ice Form                 Ice/Tmut       #.......     83%         4    #####..
 Blade Hands              Tmut           #.........   95%         5    ######.


Dungeon Overview and Level Annotations

Branches:
Dungeon (2/15)

Altars:

Annotations:
D:2 Jessica


Innate Abilities, Weirdness & Mutations

Your plain brown scales are hard. (AC +4)
You cannot fit into any form of body armour.
You are cold-blooded and may be slowed by cold attacks.


Message History

You barely resist.
You swap places.
Jessica closely misses your ball python.
Your ball python closely misses Jessica.
Your ball python grabs Jessica.
Your ball python constricts Jessica.
Jessica gestures at your ball python while chanting.
Your ball python writhes in agony!
Your ball python dies!
Jessica casts a spell.
Jessica blinks!
Jessica gestures at you while chanting. Pain shoots through your body!
* * * LOW HITPOINT WARNING * * *
You barely miss Jessica.
Jessica is severely wounded.
You feel yourself speed up. Jessica hits you with a +0 dagger.
* * * LOW HITPOINT WARNING * * *
Jessica hits you with a +0 dagger.
You die...

#..##..####...#
#.###........##
#.# ##.#######
#.# #.# #.# #.#
##ยง## #..
##...####
##.#.#.##
#@##.##.#####
#@##........#
#.#####.###.#
##. #.## # ..#
###


You could see Jessica.

Vanquished Creatures
  A dart slug (D:1)
  A ball python (D:1)
  4 bats (D:1)
  2 giant cockroaches (D:1)
  2 goblins (D:1)
  4 hobgoblins (D:1)
  4 kobolds (D:1)
  2 frilled lizards
  5 rats (D:1)
25 creatures vanquished.

Notes
Turn   | Place    | Note
-------+----------+-------------------------------------------
     0 | D:1      | hairmachine the Draconian Transmuter began the quest for
                  | the Orb.
     0 | D:1      | Reached XP level 1. HP: 16/16 MP: 3/3
   465 | D:1      | Reached XP level 2. HP: 23/23 MP: 3/5
  1500 | D:2      | Learned a level 2 spell: Sticks to Snakes
  1701 | D:2      | Noticed Jessica
  1728 | D:2      | Slain by Jessica

Vault maps used:
D:1:      mrwooster_arrival_arrow
D:2:      uniq_jessica

Action                   || total
-------------------------++-------
Melee: Unarmed           ||   100
       Kick              ||     4
       Tailslap          ||     7
       Headbutt          ||     5
 Cast: Beastly Appendage ||    10
       Sticks to Snakes  ||     2
 Stab: Sleeping          ||     1
  Eat: Chunk             ||     3
Armor: Skin              ||    25
Dodge: Dodged            ||    57

Table legend:
 A = Non-vault XP
 B = Vault XP
 C = Vault XP percentage of total XP
 D = Non-vault monster count
 E = Vault monster count
 F = Vault count percentage of total count
                 A         B        C        D         E       F
            +---------+---------+-------+---------+---------+-------
      Total |      40 |       0 |   0.0 |      25 |       0 |   0.0
            +---------+---------+-------+---------+---------+-------
        D:1 |      39 |       0 |   0.0 |      24 |       0 |   0.0
        D:2 |       1 |       0 |   0.0 |       1 |       0 |   0.0
            +---------+---------+-------+---------+---------+-------
